 Dungeon Crawl Stone Soup version 0.19.3-4-gbf9329e (webtiles) character file.

578 empire the Covered (level 7, -11/61 HPs)
             Began as a Minotaur Fighter on Jan 27, 2017.
             Killed by divine providence
             ... invoked by an orc priest
              (13 damage)
             ... on level 4 of the Dungeon.
             The game lasted 00:05:07 (2788 turns).

empire the Covered (Minotaur Fighter)               Turns: 2788, Time: 00:05:09

Health: -11/61     AC: 11    Str: 23    XL:     7   Next: 13%
Magic:  7/7        EV:  8    Int:  5    God:
Gold:   180        SH: 10    Dex:  9    Spells: 0 memorised, 6 levels left

rFire  . . .     SeeInvis .     a - +0 long sword
rCold  . . .     Gourm    .     b - +0 scale mail
rNeg   + . .     Faith    .     c - +0 shield
rPois  .         Spirit   .     u - +1 hat
rElec  .         Reflect  .     (no cloak)
rCorr  .         Harm     .     j - +0 pair of gloves
MR     +....                    h - +0 pair of boots
Stlth  ..........               (no amulet)
                                t - ring of positive energy
                                p - ring of protection from magic

@: about to teleport
A: retaliatory headbutt, horns 2
a: no special abilities


You were on level 4 of the Dungeon.
You were not hungry.

You visited 1 branch of the dungeon, and saw 4 of its levels.

You collected 180 gold pieces.

Inventory:

Hand Weapons
 a - a +0 long sword (weapon)
Armour
 b - a +0 scale mail (worn)
 c - a +0 shield (worn)
 h - a +0 pair of boots (worn)
 j - a +0 pair of gloves (worn)
 u - a +1 hat (worn)
Jewellery
 l - a +5 ring of dexterity {unknown}
 p - a ring of protection from magic (left hand)
 t - a ring of positive energy (right hand)
Wands
 i - a wand of iceblast (10/15)
Scrolls
 g - 2 scrolls of identify
 k - a scroll of recharging
 o - 2 scrolls of random uselessness {unknown}
 y - a scroll of magic mapping {unknown}
Potions
 d - a potion of might
 e - a potion of resistance {unknown}
 n - a potion of agility {unknown}
 q - a potion of invisibility {unknown}
 s - a potion of brilliance {unknown}
 z - a potion of cancellation {unknown}
Comestibles
 f - 3 bread rations
 m - a meat ration
 v - 6 fruits
 x - 2 chunks of flesh


   Skills:
 + Level 5.5 Fighting
 + Level 4.7 Long Blades
 + Level 5.8 Armour
 + Level 5.8 Shields
 + Level 1.8 Evocations


You had 6 spell levels left.
You didn't know any spells.

Dungeon Overview and Level Annotations

Branches:
Dungeon (4/15)
 Temple: D:4-7

Altars:


Innate Abilities, Weirdness & Mutations

You reflexively headbutt those who attack you in melee.
You have a pair of horns on your head.


Message History

The orc wizard hits you with a dagger.
* * * LOW HITPOINT WARNING * * *
The orc priest invokes the aid of Beogh against you.
Beogh smites you!
* * * LOW HITPOINT WARNING * * *
The orc wizard looks satisfied for a moment.
The orc priest calls down the wrath of Beogh upon you.
You resist with some effort.
As you read the scroll of teleportation, it crumbles to dust.
You feel strangely unstable. You block the orc wizard's attack.
You barely miss the orc wizard. You block the orc wizard's attack.
You barely miss the orc wizard.
The orc wizard hits you but does no damage.
You barely miss the orc wizard. The orc wizard casts a spell at you.
The magic dart hits you!
* * * LOW HITPOINT WARNING * * *
The orc priest invokes the aid of Beogh against you.
Beogh smites you!
You die...

.............(...#..##.##...###
######.....###.....# #. ##....#
#.....#####..... .. #.##..
#...##.........# ### #.####
#.##......###..# #.#
.....#.##.###..# ..#
####..##..)...# ### #.#
#..o##.# #. ##.#oo@.#
#####.##..###........
#........## ###....##
#.......o# ###..# #......o.# ..
#........# . #........#
#........# #........#


You could see an orc priest, an orc wizard and an orc.

Vanquished Creatures
  The ghost of Tramtrist the Sneak, an amateur SpAs (D:4)
  A phantom (D:4)
  A hound (D:4)
  2 orc wizards (D:3)
  2 orc priests (D:4)
  A worker ant (D:4)
  4 gnolls (D:2)
  5 adders
  An ooze (D:2)
  4 dart slugs
  4 leopard geckos
  4 orcs
  8 bats
  3 giant cockroaches
  5 goblins
  5 hobgoblins
  7 jackals
  3 kobolds
  4 quokkas
  A ball python (D:2)
  A frilled lizard (D:3)
  A quokka zombie (D:4)
  4 rats
72 creatures vanquished.

Notes
Turn   | Place    | Note
-------+----------+-------------------------------------------
     0 | D:1      | empire the Minotaur Fighter began the quest for the Orb.
     0 | D:1      | Reached XP level 1. HP: 19/19 MP: 0/0
   140 | D:1      | Reached XP level 2. HP: 27/27 MP: 1/1
  1001 | D:2      | Reached XP level 3. HP: 31/33 MP: 2/2
  1030 | D:2      | Reached XP level 4. HP: 10/40 MP: 3/3
  1745 | D:3      | Reached XP level 5. HP: 19/47 MP: 4/4
  2299 | D:3      | Reached skill level 5 in Armour
  2502 | D:4      | Noticed Tramtrist's ghost (amateur SpAs)
  2515 | D:4      | Reached skill level 5 in Shields
  2523 | D:4      | Killed Tramtrist's ghost
  2523 | D:4      | Reached skill level 5 in Fighting
  2523 | D:4      | Reached skill level 1 in Evocations
  2523 | D:4      | Reached XP level 6. HP: 55/56 MP: 5/5
  2704 | D:4      | Reached XP level 7. HP: 61/61 MP: 7/7
  2788 | D:4      | HP: 2/61 [orc wizard/magic dart (7)]
  2788 | D:4      | Killed from afar by an orc priest

Skill      XL: |  1  2  3  4  5 |
---------------+----------------+-----
Armour         | 4 5 |  5.8
Long Blades    | 3 4 |  4.7
Shields        | 4 5 |  5.8
Fighting       | 4 5 |  5.5
Evocations     | 1 |  1.8

Action                   |  1- 3 |  4- 6 |  7- 9 || total
-------------------------+-------+-------+-------++-------
Melee: Long sword        |    39 |   142 |    19 ||   200
       Headbutt          |     8 |    26 |     1 ||    35
  Use: Scroll            |       |     5 |     1 ||     6
       Potion            |       |     1 |     1 ||     2
  Eat: Chunk             |       |     5 |     1 ||     6
Armor: Scale mail        |    26 |    90 |    11 ||   127
Dodge: Dodged            |    14 |    48 |     2 ||    64
Block: Shield            |    24 |    98 |    13 ||   135
       Rpst.: Long sword |     5 |    13 |     1 ||    19
